 Dungeon Crawl Stone Soup version 0.20.0-8-g6b59dc7 (webtiles) character file.

336 4thArraOfDagon the Slasher (level 6, 3/51 HPs)
             Began as a Barachi Fighter on June 2, 2017.
             Quit the game on level 7 of the Dungeon.
             The game lasted 00:03:56 (582 turns).

4thArraOfDagon the Slasher (Barachi Fighter)         Turns: 582, Time: 00:03:57

Health: 3/51       AC:  7    Str: 17    XL:     6   Next: 54%
Magic:  6/6        EV:  7    Int: 10    God:
Gold:   156        SH:  9    Dex: 12    Spells: 5/5 levels left

rFire    . . .     SeeInvis .   a - +1 long sword
rCold    . . .     Gourm    .   c - +0 shield
rNeg     . . .     Faith    .   b - +0 scale mail
rPois    .         Spirit   .   (no helmet)
rElec    .         Reflect  .   (no cloak)
rCorr    .         Harm     .   (no gloves)
MR       .....                  (no boots)
Stlth    ..........             (no amulet)
Regen    0.2/turn               (no ring)
MPRegen  0.1/turn               (no ring)

@: flying, slow
A: +LOS, swims, slowness 1, strong legs 1
a: Hop


You were on level 7 of the Dungeon.
You were not hungry.

You visited 1 branch of the dungeon, and saw 7 of its levels.

You collected 156 gold pieces.

Inventory:

Hand Weapons
 a - a +1 long sword (weapon)
 o - the +0 rapier "Velyoff" {flame, rPois Int+4 Stlth-}
   (You found it on level 4 of the Dungeon)

   It has been specially enchanted to burn those struck by it, causing extra
   injury to most foes and up to half again as much damage against particularly
   susceptible opponents.
   It affects your intelligence (+4).
   It protects you from poison.
   It makes you less stealthy.
Missiles
 j - 6 javelins (quivered)
Armour
 b - a +0 scale mail (worn)
 c - a +0 shield (worn)
Jewellery
 l - a -3 ring of protection
Scrolls
 h - 3 scrolls of remove curse
 q - a scroll of fear
Comestibles
 f - 2 bread rations
 k - a meat ration


   Skills:
 + Level 5.0 Fighting
 * Level 6.1 Long Blades
 + Level 5.4 Armour
 - Level 3.2 Shields


You had 5 spell levels left.
You didn't know any spells.

Dungeon Overview and Level Annotations

Branches:
Dungeon (7/15)
 Temple: D:4-7

Altars:
Kikubaaqudgha

Portals:
Sewer: D:4


Innate Abilities, Weirdness & Mutations

Shadows flee at your approach. (+LOS)
You can swim through water.
You cover ground slowly.
You can hop short distances.


Message History

The orc hits you but does no damage.
You slash the orc!
You kill the orc!
The centaur unwields an uncursed enchanted shortbow.
The centaur hits you.
* * * LOW HITPOINT WARNING * * *
You hit the centaur.
The centaur is moderately wounded.
The centaur hits you but does no damage.
The centaur barely misses you.
You barely miss the centaur.
The centaur is moderately wounded.
You block the centaur's attack. The centaur hits you.
* * * LOW HITPOINT WARNING * * *
Unknown command.
You closely miss the centaur.
The centaur is moderately wounded.
The centaur hits you but does no damage.
Unknown command.
Are you sure you want to abandon this character and quit the game? (Confirm with "yes".)

... ..... #.##....
###...... ........
#...... ......
######.#o.
#....#.#c# ### #
#.##.#.#@#...#
#.#.#........#
######.#......#.#.#
..............#.#.#
#####.#.#....#.# #
######.#.#....#.#
#......#.###..#(#
#......#†.....#.#
#.>....#.....##.#


You could see a centaur and an orc.

Vanquished Creatures
  A scorpion (D:7)
  A howler monkey (D:4)
  A centaur zombie (D:6)
  An orc wizard (D:7)
  A bullfrog skeleton (D:4)
  A centaur skeleton (D:4)
  An iguana (D:4)
  A worker ant (D:7)
  3 gnolls (D:7)
  An adder (D:2)
  An adder skeleton (D:4)
  A leopard gecko (D:6)
  5 orcs
  2 bat zombies (D:4)
  A giant cockroach (D:4)
  3 goblins
  4 hobgoblins
  3 ball pythons
  3 bats
  A frilled lizard (D:1)
  3 rats
  A rat zombie (D:4)
40 creatures vanquished.

Notes
Turn   | Place    | Note
-------+----------+-------------------------------------------
     0 | D:1      | 4thArraOfDagon the Barachi Fighter began the quest for the Orb.
     0 | D:1      | Reached XP level 1. HP: 18/18 MP: 1/1
    16 | D:1      | Noticed an electric eel
    74 | D:1      | Reached skill level 3 in Long Blades
   113 | D:1      | Reached XP level 2. HP: 25/25 MP: 2/2
   228 | D:2      | Reached XP level 3. HP: 28/30 MP: 3/3
   293 | D:4      | Found a glowing drain.
   315 | D:4      | Got a jewelled rapier
   316 | D:4      | Identified the cursed +0 rapier "Velyoff" {flame, rPois Int+4 Stlth-} (You found it on level 4 of the Dungeon)
   344 | D:4      | Found an ancient bone altar of Kikubaaqudgha.
   402 | D:4      | Reached skill level 4 in Long Blades
   402 | D:4      | Reached XP level 4. HP: 28/37 MP: 4/4
   441 | D:4      | Reached XP level 5. HP: 36/43 MP: 5/5
   456 | D:4      | Reached skill level 5 in Long Blades
   470 | D:5      | Entered Level 5 of the Dungeon
   488 | D:6      | Reached skill level 5 in Armour
   520 | D:7      | Reached XP level 6. HP: 20/50 MP: 6/6
   576 | D:7      | Reached skill level 5 in Fighting
   576 | D:7      | Reached skill level 6 in Long Blades
   582 | D:7      | Quit the game

Skill      XL: |  1  2  3  4  5  6 |
---------------+-------------------+-----
Long Blades    | 3 4 5 6 |  6.1
Armour         | 4 5 |  5.4
Fighting       | 4 5 |  5.0
Shields        | |  3.2

Action                   |  1- 3 |  4- 6 || total
-------------------------+-------+-------++-------
Melee: Long sword        |    67 |    55 ||   122
       Rapier            |    10 |    20 ||    30
  Use: Scroll            |     7 |       ||     7
       Potion            |       |     6 ||     6
Armor: Scale mail        |    30 |    21 ||    51
Dodge: Dodged            |    24 |    18 ||    42
Block: Shield            |    54 |    29 ||    83
       Rpst.: Long sword |     5 |     2 ||     7
